AoeStats
← BOOMKILLED

Black Forest

509504021Analyzed
3v3 RM · 5d ago on Sep 27, 2026· 82m 44s· 6 players
Game mode
Random Map
Map size
Normal (6 player)
Population
200
Speed
Normal
Resources
Standard
Victory
Conquest
Starting age
Dark Age
Ending age
Imperial Age
RankedLock teamsTeams togetherTeam positionsShared explorationLock speedFull tech treeHidden civsTurbo modeCheats
Victory
Defeat
🇺🇸 Ethiopians · United States
450
+16
🇺🇸 Koreans · United States
424
+17
🇺🇸 Celts · United States
417
+17
🇨🇦 Romans · Canada
515
-20
🇨🇱 Khmer · Chile
426
-16
🇨🇦 Spanish · Canada
391
-14
SixPrism8314
2:41 Loom
10:52 Feudal Age
12:29 Wheelbarrow
20:51 Fletching
21:02 Padded Archer Armor
21:04 Scale Mail Armor
21:29 Horse Collar
21:51 Double-Bit Axe
28:16 Forging
31:27 Scale Barding Armor
31:19 Man-at-Arms
35:15 Castle Age
36:42 Hand Cart
36:50 Heavy Plow
40:01 Coinage
39:50 Bow Saw
40:08 Caravan
40:27 Husbandry
40:37 Bloodlines
40:37 Squires
41:14 Light Cavalry
41:47 Gambesons
42:19 Thumb Ring
45:36 Inquisition
45:13 Pikeman
45:22 Long Swordsman
58:06 Imperial Age
55:44 Arson
56:48 Bodkin Arrow
57:09 Leather Archer Armor
57:10 Chain Mail Armor
57:15 Chain Barding Armor
57:32 Iron Casting
59:21 Conscription
59:32 Supremacy
64:33 Banking
64:13 Guilds
BOOMKILLED
3:09 Loom
19:10 Feudal Age
20:02 Double-Bit Axe
20:01 Horse Collar
20:18 Gold Mining
20:26 Stone Mining
21:22 Wheelbarrow
23:35 Town Watch
24:05 Forging
23:56 Scale Mail Armor
23:48 Fletching
25:12 Man-at-Arms
29:47 Castle Age
31:08 Bow Saw
31:03 Heavy Plow
31:44 Gold Shaft Mining
32:02 Hand Cart
33:39 Long Swordsman
34:21 Squires
44:48 Imperial Age
42:23 Town Patrol
43:46 Fortified Wall
43:48 Masonry
44:03 Ballistics
43:39 Murder Holes
44:29 Iron Casting
44:09 Chain Mail Armor
43:57 Padded Archer Armor
46:37 Crop Rotation
49:48 Blast Furnace
48:53 Scale Barding Armor
48:44 Bodkin Arrow
49:05 Leather Archer Armor
49:57 Conscription
49:58 Comitatenses
49:18 Sappers
50:12 Comitatenses
49:37 Elite Skirmisher
50:10 Legionary
51:03 Ballistas
50:53 Elite Centurion
52:24 Guard Tower
54:27 Chemistry
53:58 Architecture
53:36 Heavy Scorpion
55:52 Siege Engineers
56:23 Keep
59:08 Ring Archer Armor
58:59 Chain Barding Armor
ViChoOP
1:36 Loom
11:43 Feudal Age
13:32 Wheelbarrow
13:03 Double-Bit Axe
15:04 Horse Collar
21:09 Gold Mining
27:46 Castle Age
28:57 Hand Cart
28:46 Heavy Plow
29:17 Caravan
31:35 Gold Shaft Mining
31:16 Bow Saw
33:32 Stone Mining
34:01 Masonry
34:17 Ballistics
37:39 Stone Shaft Mining
41:45 Imperial Age
43:06 Town Watch
43:56 Fervor
45:28 Siege Engineers
45:21 Murder Holes
45:58 Architecture
45:19 Heated Shot
45:40 Fortified Wall
46:31 Chemistry
46:40 Town Patrol
46:21 Man-at-Arms
46:23 Pikeman
47:33 Parthian Tactics
46:29 Heavy Cavalry Archer
46:34 Elite Skirmisher
49:01 Elite Ballista Elephant
49:41 Tusk Swords
49:42 Double Crossbow
50:27 Hoardings
50:18 Conscription
52:14 Padded Archer Armor
52:06 Fletching
52:22 Scale Barding Armor
53:42 Crop Rotation
66:08 Elite Battle Elephant
CrappyMike87
1:15 Loom
15:26 Feudal Age
16:09 Double-Bit Axe
16:09 Horse Collar
17:00 Gold Mining
17:08 Stone Mining
22:55 Castle Age
24:17 Bow Saw
24:56 Wheelbarrow
29:21 Heavy Plow
30:03 Stone Shaft Mining
31:16 Caravan
35:44 Imperial Age
33:04 Town Watch
33:53 Hand Cart
34:58 Gold Shaft Mining
37:25 Two-Man Saw
36:54 Conscription
38:47 Forging
38:42 Scale Barding Armor
38:38 Scale Mail Armor
38:39 Padded Archer Armor
38:30 Fletching
40:06 Royal Heirs
40:12 Elite Skirmisher
40:56 Squires
40:42 Arson
41:36 Onager
43:51 Chain Mail Armor
44:12 Iron Casting
43:58 Chain Barding Armor
43:34 Bodkin Arrow
43:55 Leather Archer Armor
45:17 Torsion Engines
45:08 Elite Shotel Warrior
48:36 Ballistics
48:07 Heated Shot
48:28 Masonry
48:29 Fortified Wall
49:26 Chemistry
49:04 Siege Engineers
51:11 Blast Furnace
50:42 Plate Mail Armor
50:43 Ring Archer Armor
50:14 Bracer
50:34 Town Patrol
50:14 Halberdier
50:48 Siege Onager
56:30 Man-at-Arms
56:37 Capped Ram
62:41 Siege Ram
81:54 Spies/Treason
FredDaddy
0:41 Loom
18:14 Feudal Age
19:47 Wheelbarrow
20:41 Town Watch
21:47 Gold Mining
21:47 Horse Collar
21:56 Double-Bit Axe
28:50 Castle Age
30:55 Hand Cart
30:53 Town Patrol
31:38 Stone Mining
31:55 Heavy Plow
32:09 Bow Saw
32:39 Caravan
34:04 Stone Shaft Mining
37:34 Imperial Age
36:01 Gold Shaft Mining
38:32 Fortified Wall
38:33 Guard Tower
39:32 Pikeman
42:58 Stronghold
43:53 Ballistics
45:08 Heavy Scorpion
52:24 Furor Celtica
56:08 Onager
62:13 Heated Shot
75:12 Masonry
75:23 Siege Engineers
82:07 Chemistry
81:46 Keep
80:58 Arrowslits
83:05 Hoardings
AgentVENM300
0:33 Loom
14:55 Feudal Age
15:28 Double-Bit Axe
16:14 Horse Collar
17:08 Gold Mining
18:14 Stone Mining
20:27 Wheelbarrow
20:31 Town Watch
31:13 Castle Age
30:49 Man-at-Arms
31:17 Arson
32:59 Scale Barding Armor
33:04 Forging
32:55 Scale Mail Armor
32:47 Fletching
34:30 Hand Cart
33:42 Long Swordsman
33:43 Pikeman
34:26 Squires
35:08 Stone Shaft Mining
35:10 Gold Shaft Mining
34:58 Bow Saw
35:15 Town Patrol
35:24 Heavy Plow
36:33 Coinage
36:05 Caravan
38:14 Elite Skirmisher
41:43 Imperial Age
40:29 Eupseong
42:14 Chain Barding Armor
42:29 Iron Casting
42:10 Chain Mail Armor
41:51 Bodkin Arrow
42:02 Light Cavalry
42:42 Husbandry
45:10 Conscription
46:01 Two-Man Saw
45:34 Guilds
45:56 Banking
44:54 Two-Handed Swordsman
45:13 Halberdier
45:28 Crossbowman
45:48 Elite War Wagon
47:42 Plate Mail Armor
47:13 Bracer
47:29 Thumb Ring
47:30 Arbalester
49:45 Shinkichon
53:05 Ballistics
54:03 Chemistry
53:46 Treadmill Crane
54:24 Siege Engineers
54:58 Murder Holes
54:49 Arrowslits
55:15 Fortified Wall
55:16 Masonry
55:04 Heated Shot
58:27 Elite Fire Lancer
62:54 Heavy Cavalry Archer
62:58 Champion
65:32 Hussar
65:48 Capped Ram
80:03 Heavy Rocket Cart
82:20 Architecture
82:11 Cavalier
Connection lost

Rejoining the realm…

Still unreachable

The connection could not be restored.

Session expired

The server has moved on; the page needs a fresh start.